 Dungeon Crawl Stone Soup version 0.17-a0-1184-gb75be8f (webtiles) character file.

11709 Kidiri the Thaumaturge (level 11, -5/55 HPs)
             Began as a Deep Elf Necromancer on June 1, 2015.
             Was a Believer of Kikubaaqudgha.
             Slain by a komodo dragon (21 damage)
             ... on level 1 of the Lair of Beasts.
             The game lasted 01:53:42 (17632 turns).

Kidiri the Thaumaturge (Deep Elf Necromancer)      Turns: 17632, Time: 01:53:42

Health: -5/55      AC: 16    Str:  5    XL:     11   Next: 52%
Magic:  2/32       EV: 19    Int: 24    God:    Kikubaaqudgha [**....]
Gold:   189        SH:  0    Dex: 20    Spells: 8 memorised, 15 levels left

rFire  + . .     SeeInvis +     I - +2 demon whip (drain)
rCold  . . .     Clarity  +     u - +1 ring mail {rF+}
rNeg   . . .     SustAt   .     (no shield)
rPois  +         Gourm    .     (no helmet)
rElec  .         Spirit   .     J - +2 cloak
rCorr  .         Warding  .     (no gloves)
rMut   .         Stasis   .     m - +1 pair of boots
MR     +....                    (no amulet)
Stlth  +++++.....               (no ring)
                                d - +4 ring of protection

@: agile, somewhat resistant to hostile enchantments, quite stealthy
A: rugged brown scales 1, see invisible, clarity, high mp 1, sense surroundings
1, poison resistance, wild magic 1, evolution 1
a: Receive Corpses, Renounce Religion


You were on level 1 of the Lair of Beasts.
You worshipped Kikubaaqudgha.
Kikubaaqudgha was pleased with you.
You were not hungry.

You visited 3 branches of the dungeon, and saw 12 of its levels.

You collected 649 gold pieces.
You spent 460 gold pieces at shops.

Inventory:

Hand weapons
 i - a +3 quarterstaff of chaos
 I - a +2 demon whip of draining (weapon)
Armour
 m - a +1 pair of boots (worn)
 u - a +1 ring mail of fire resistance (worn)
 C - a +0 robe of magic resistance
 J - a +2 cloak (worn)
Jewellery
 d - a +4 ring of protection (left hand)
Magical devices
 f - a wand of digging (11)
 q - a wand of confusion (22)
 r - a wand of cold (4)
 F - a wand of lightning (6)
Scrolls
 e - 2 scrolls of fear
 j - a scroll of remove curse
 k - 2 scrolls of fog
 l - a scroll of torment {unknown}
 n - a scroll of recharging
 o - a scroll of enchant weapon
 p - 3 scrolls of enchant armour
 t - a scroll of holy word
 x - a scroll of brand weapon {unknown}
 H - a scroll of magic mapping
 K - 2 scrolls of amnesia
Potions
 g - a potion of haste
 h - a potion of brilliance
 s - 2 potions of might
 v - 4 potions of flight
 w - a potion of resistance
 A - a potion of agility
Books
 a - Kikubaaqudgha's Guide on Stolen Souls
   (Kikubaaqudgha gifted it to you on level 1 of the Lair of Beasts)

   Spells                             Type                      Level
   a - Pain                           Necromancy                   1
   b - Corpse Rot                     Necromancy                   2
   c - Sublimation of Blood           Necromancy                   2
   d - Vampiric Draining              Necromancy                   3
   e - Control Undead                 Necromancy                   4
 b - a book of Necromancy

   Spells                             Type                      Level
   a - Pain                           Necromancy                   1
   b - Animate Skeleton               Necromancy                   1
   c - Vampiric Draining              Necromancy                   3
   d - Regeneration                   Charms/Necromancy            3
   e - Animate Dead                   Necromancy                   4
   f - Control Undead                 Necromancy                   4
Comestibles
 c - 8 bread rations
 z - 4 fruits


   Skills:
 + Level 9.0 Dodging
 + Level 9.8 Stealth
 * Level 12.7 Spellcasting
 + Level 9.3 Charms
 * Level 12.5 Necromancy


You had 15 spell levels left.
You knew the following spells:

 Your Spells              Type           Power        Failure   Level  Hunger
a - Pain                  Necr           ####         1%          1    None
b - Animate Skeleton      Necr           N/A          1%          1    None
c - Vampiric Draining     Necr           #######...   2%          3    None
d - Regeneration          Chrm/Necr      #######...   3%          3    None
e - Animate Dead          Necr           N/A          4%          4    None
f - Control Undead        Necr           #######...   4%          4    None
g - Corpse Rot            Necr           N/A          1%          2    None
h - Sublimation of Blood  Necr           #######...   1%          2    None


Dungeon Overview and Level Annotations

Branches:
Dungeon (9/15)             Temple (1/1) D:7            Lair (2/8) D:9
    Orc: D:9-12

Altars:
Ashenzari
Cheibriados
Dithmenos
Elyvilon
Fedhas
Gozag
Kikubaaqudgha
Makhleb
Nemelex Xobeh
Okawaru
Qazlal
Ru
Sif Muna
Trog
Vehumet
Xom
Yredelemnul
Zin
The Shining One

Shops:
D:7 ?   D:8 ?*!

Annotations:
Lair:2 Gastronok


Innate Abilities, Weirdness & Mutations

You are partially covered in rugged brown scales (AC +1, +3% HP).
You have supernaturally acute eyesight.
You possess an exceptional clarity of mind.
You have an increased reservoir of magic (+10% MP).
You passively map a small area around you.
Your system is resistant to poisons.
Your spells are a little harder to cast, but a little more powerful.
You evolve.


Message History

The komodo dragon convulses in agony!
The komodo dragon bites you!!
The komodo dragon bites you but does no damage.
You closely miss the komodo dragon.
The komodo dragon is moderately wounded.
The komodo dragon bites you!!
* * * LOW HITPOINT WARNING * * *
Your ring mail prevents you from hitting the komodo dragon.
The komodo dragon is moderately wounded.
The komodo dragon bites you.
* * * LOW HITPOINT WARNING * * *
Drink which item? (? for menu, Esc to quit)
You feel better. The komodo dragon misses you.
Drink which item? (? for menu, Esc to quit)
You feel agile all of a sudden.
The komodo dragon bites you but does no damage.
You whack the komodo dragon!
The komodo dragon is heavily wounded.
The komodo dragon bites you!!
You die...
Kikubaaqudgha rasps: "You have failed me!
Welcome... death!"

####..Z.......###
##............
#.#.ZZ.......##
#.............
###.......#..##
##.............
........#...##
##..............
...........##
#...............
...........#
##...............
..........##
##................
.....##...#
##.................
.....###..#
#†@l...............
.....###..#
#.>...............#
.......P..#
#.........(......##
......P...#
#...............##
..P#.##..P#
#.[............##
#######..##
#.####......##.#
#..# ###
###.#####.## ##..#
### #..#
######...## ### ###
#..##


You could see a komodo dragon.

Vanquished Creatures
  Pikel (D:6)
  2 spiny frogs
  2 black mambas
  A komodo dragon (Lair:1)
  2 trolls
  17 yaks
  A hungry ghost (D:8)
  Eustachio (D:4)
  2 hippogriffs
  A basilisk (D:9)
  5 wolves
  2 orc warriors
  A water moccasin (Lair:2)
  4 porcupines
  2 ice beasts (D:5)
  Duvessa (D:4)
  A black bear (D:8)
  6 ogres
  A phantom (D:5)
  2 centaurs (D:5)
  2 crocodiles
  10 big kobolds
  9 giant frogs
  Dowan (D:4)
  5 scorpions
  4 killer bees (D:7)
  2 crimson imps
  3 giant frog zombies
  A quasit (D:7)
  4 orc priests
  Crazy Yiuf (D:3)
  4 hounds
  2 orc wizards
  2 centaur skeletons
  5 worker ants
  3 iguanas
  6 sheep (Lair:1)
  A hound zombie (D:8)
  5 gnolls
  5 river rats (Lair:1)
  8 adders
  An adder skeleton (D:5)
  5 worms
  9 giant geckos
  8 orcs
  15 bats
  2 bat zombies
  6 giant cockroaches
  13 hobgoblins
  20 jackals
  4 giant newts
  10 goblins
  31 kobolds
  5 quokkas
  8 rats
  2 rat zombies (D:8)
  A fungus (D:3)
278 creatures vanquished.

Vanquished Creatures (collateral kills)
  Grinder (D:6)
  Sigmund (D:4)
  A basilisk (Lair:1)
  A hungry ghost (D:8)
  A wolf (Lair:1)
  A water moccasin (Lair:1)
  A porcupine (Lair:1)
  A slave (D:6)
  An ogre (D:8)
  A sky beast (D:4)
  3 giant frogs
  3 big kobolds (D:8)
  A scorpion (D:8)
  A centaur zombie (D:6)
  A hound (D:4)
  A crimson imp (D:8)
  A giant frog skeleton (D:7)
  A centaur skeleton (D:8)
  2 orc wizards (D:8)
  A sheep (Lair:1)
  2 adders
  2 river rats (Lair:1)
  A shadow imp (D:8)
  6 orcs
  A giant cockroach (D:3)
  4 hobgoblins
  4 kobolds
  A bat (D:1)
  A goblin (D:6)
  A quokka skeleton (D:8)
  4 rats
52 creatures vanquished.

Vanquished Creatures (others)
  2 killer bees (D:7)
  A crimson imp (D:5)
  A worker ant zombie (D:6)
4 creatures vanquished.

Grand Total: 334 creatures vanquished

Notes
Turn   | Place    | Note
--------------------------------------------------------------
     0 | D:1      | Kidiri the Deep Elf Necromancer began the quest for the Orb.
     0 | D:1      | Reached XP level 1. HP: 10/10 MP: 6/6
    29 | D:1      | Learned a level 1 spell: Animate Skeleton
   392 | D:1      | Reached XP level 2. HP: 10/15 MP: 4/8
   394 | D:1      | Reached skill level 5 in Necromancy
  1365 | D:2      | Reached XP level 3. HP: 12/19 MP: 8/10
  1370 | D:2      | Learned a level 3 spell: Vampiric Draining
  1374 | D:2      | Learned a level 3 spell: Regeneration
  1819 | D:2      | Found a white marble altar of Elyvilon.
  1835 | D:2      | Reached XP level 4. HP: 17/24 MP: 4/12
  1975 | D:2      | Found a bloodstained altar of Trog.
  2931 | D:3      | Learned a level 4 spell: Animate Dead
  3455 | D:3      | Noticed Crazy Yiuf
  3461 | D:3      | Killed Crazy Yiuf
  3461 | D:3      | Reached XP level 5. HP: 22/28 MP: 7/14
  3603 | D:3      | Your ally Crazy Yiuf died
  3853 | D:4      | Noticed Duvessa
  3856 | D:4      | Noticed Dowan
  3867 | D:4      | Killed Duvessa
  3867 | D:4      | Reached skill level 5 in Spellcasting
  3867 | D:4      | Reached skill level 1 in Charms
  3867 | D:4      | Reached skill level 6 in Necromancy
  3877 | D:4      | Noticed Eustachio
  3886 | D:5      | Entered Level 5 of the Dungeon
  3886 | D:5      | Noticed a centaur
  4188 | D:5      | Killed a centaur
  4188 | D:5      | Reached XP level 6. HP: 22/32 MP: 0/16
  4300 | D:5      | Learned a level 4 spell: Control Undead
  4558 | D:5      | Noticed an ogre
  4568 | D:5      | Killed an ogre
  4568 | D:5      | Reached XP level 7. HP: 33/36 MP: 3/18
  4743 | D:5      | Noticed a troll
  4854 | D:5      | Killed a troll
  4854 | D:5      | Reached skill level 7 in Necromancy
  4874 | D:5      | Reached skill level 5 in Stealth
  5358 | D:5      | Found a stormy altar of Qazlal.
  5460 | D:5      | Found a glowing golden altar of the Shining One.
  5482 | D:5      | Reached skill level 5 in Dodging
  5482 | D:5      | Reached XP level 8. HP: 34/41 MP: 9/20
  5571 | D:5      | Found a deep blue altar of Sif Muna.
  5578 | D:5      | Found a shimmering altar of Xom.
  5625 | D:5      | Noticed a centaur
  5634 | D:5      | Killed a centaur
  5678 | D:5      | Reached skill level 8 in Necromancy
  6112 | D:4      | Killed Eustachio
  6261 | D:4      | Killed Dowan
  6390 | D:4      | Noticed a sky beast
  6400 | D:4      | Your ally Duvessa died
  6406 | D:4      | Killed a sky beast
  6411 | D:4      | Gained mutation: Scrolls take you a little longer to read. [mutagenic meat]
  6412 | D:4      | Gained mutation: You occasionally shout uncontrollably at your foes. [mutagenic meat]
  6413 | D:4      | Your ally Dowan died
  6805 | D:4      | Noticed an ogre
  6813 | D:4      | Killed an ogre
  6850 | D:4      | Noticed Sigmund
  6860 | D:4      | Killed Sigmund
  6860 | D:4      | Reached skill level 5 in Charms
  7041 | D:4      | Your ally Sigmund died
  8071 | D:6      | Reached skill level 9 in Necromancy
  8071 | D:6      | Reached XP level 9. HP: 37/45 MP: 23/23
  8286 | D:6      | Noticed Pikel
  8299 | D:6      | Killed Pikel
  8340 | D:6      | Noticed Grinder
  8365 | D:6      | Killed Grinder
  8604 | D:6      | Found a burning altar of Makhleb.
  8663 | D:6      | Found a basalt altar of Yredelemnul.
  8809 | D:6      | Found a sacrificial altar of Ru.
  8856 | D:6      | Found an iron altar of Okawaru.
  9522 | D:7      | Found a deep blue altar of Sif Muna.
  9543 | D:7      | Reached skill level 10 in Necromancy
  9820 | D:7      | Found a staircase to the Ecumenical Temple.
  9848 | Temple   | Entered the Ecumenical Temple
 10268 | D:7      | Reached skill level 10 in Spellcasting
 10865 | D:7      | Found Qoroe's Magic Scroll Shoppe.
 10873 | D:7      | Bought a scroll of identify for 22 gold pieces
 10873 | D:7      | Bought a scroll of blinking for 82 gold pieces
 11299 | D:7      | Reached XP level 10. HP: 47/50 MP: 8/26
 12043 | D:8      | Reached skill level 11 in Necromancy
 12575 | D:8      | Found Paaf Peve's General Store.
 12583 | D:8      | Found Yxzievve's Magic Scroll Boutique.
 12593 | D:8      | Bought a potion of degeneration for 11 gold pieces
 12593 | D:8      | Bought a scroll of identify for 22 gold pieces
 12593 | D:8      | Bought a beef jerky for 16 gold pieces
 12605 | D:8      | Bought a scroll of remove curse for 33 gold pieces
 12605 | D:8      | Bought a scroll of identify for 22 gold pieces
 12605 | D:8      | Bought a scroll of identify for 22 gold pieces
 12605 | D:8      | Bought a scroll of identify for 22 gold pieces
 12605 | D:8      | Bought a scroll of blinking for 82 gold pieces
 12620 | D:8      | Gained mutation: You passively map a small area around you. [potion of mutation]
 12620 | D:8      | Gained mutation: Your system is resistant to poisons. [potion of mutation]
 12620 | D:8      | Gained mutation: You possess an exceptional clarity of mind. [potion of mutation]
 12621 | D:8      | Gained mutation: Your body sometimes deteriorates upon taking damage. [potion of mutation]
 12621 | D:8      | Gained mutation: You are partially covered in rugged brown scales (AC +1, +3% HP). [potion of mutation]
 12621 | D:8      | Lost mutation: Scrolls take you a little longer to read. [potion of mutation]
 12622 | D:8      | Gained mutation: Your spells are a little harder to cast, but a little more powerful. [potion of mutation]
 12622 | D:8      | Gained mutation: You have supernaturally acute eyesight. [potion of mutation]
 12622 | D:8      | Gained mutation: You have an increased reservoir of magic (+10% MP). [potion of mutation]
 12752 | D:8      | Found an ancient bone altar of Kikubaaqudgha.
 12765 | D:8      | Became a worshipper of Kikubaaqudgha
 12961 | D:8      | Found an opulent altar of Gozag.
 12987 | D:8      | Found Xomix's Distillery.
 12995 | D:8      | Bought 2 potions of curing for 84 gold pieces
 12995 | D:8      | Bought a potion of curing for 42 gold pieces
 13625 | D:9      | Found a staircase to the Lair.
 13715 | D:9      | Gained mutation: You evolve. [potion of mutation]
 13715 | D:9      | Lost mutation: You occasionally shout uncontrollably at your foes. [potion of mutation]
 13715 | D:9      | Lost mutation: Your body sometimes deteriorates upon taking damage. [potion of mutation]
 13893 | Lair:1   | Entered Level 1 of the Lair of Beasts
 14862 | Lair:1   | Noticed a black mamba
 14869 | Lair:1   | Killed a black mamba
 14869 | Lair:1   | Acquired Kikubaaqudgha's first power
 14869 | Lair:1   | Received a gift from Kikubaaqudgha
 14869 | Lair:1   | Reached XP level 11. HP: 47/55 MP: 11/31
 14871 | Lair:1   | Identified Kikubaaqudgha's Guide on Stolen Souls (Kikubaaqudgha gifted it to you on level 1 of the Lair of Beasts)
 14885 | Lair:1   | Learned a level 2 spell: Corpse Rot
 14888 | Lair:1   | Learned a level 2 spell: Sublimation of Blood
 15131 | Lair:1   | Reached skill level 12 in Spellcasting
 15470 | Lair:1   | Noticed a black mamba
 15475 | Lair:1   | HP: 2/55 [wolf (10)]
 15918 | D:9      | Killed a black mamba
 17412 | Lair:2   | Noticed Gastronok
 17611 | Lair:1   | Acquired Kikubaaqudgha's second power
 17632 | Lair:1   | Slain by a komodo dragon

Vault maps used:
D:1:      dpeg_arrival_arbitrary_a, item_on_display_b
D:2:      elyvilon_altar_4, bloody_trog, serial_bayou_lagoon_b
D:3:      uniq_crazy_yiuf_cottage
D:4:      first_bread, uniq_sigmund, uniq_duvessa, uniq_eustachio
D:5:      kennysheep_little_box, nicolae_overflow_hidden_temple
D:6:      overflow_temple_1_default, lemuel_round_altar,
          overflow_temple_1_default, basic_altar, uniq_pikel, uniq_grinder
D:7:      minmay_temple_entry_overgrown, serial_shops,
          nicolae_shop_competitors_out_of_business, basic_altar,
          minmay_misc_feat_roman, grunt_ogre_cave, st_stairs_4
D:8:      lemuel_zombie_altar_kikubaaqudgha, lemuel_coloured_pillars_altar,
          serial_shops, shop, shop, shop, special_room
D:9:      lair_0_dummy
Temple:   minmay_temple_bridge_a_8
Lair:1:   serial_bayou_shore_b
Lair:2:   beast_lair_carwin_large_3, grunt_forest_stairs_basic,
          lemuel_fruit_tree, uniq_gastronok, uniq_urug

Action                   |  1- 3 |  4- 6 |  7- 9 | 10-12 || total
-------------------------+-------+-------+-------+-------++-------
Melee: Short sword       |     6 |    65 |       |       ||    71
       Mace              |     7 |       |       |       ||     7
       Quarterstaff      |       |    27 |    71 |    58 ||   156
       Dagger            |       |       |   185 |   126 ||   311
       Demon whip        |       |       |       |   127 ||   127
 Cast: Pain              |    53 |    47 |   127 |   108 ||   335
       Animate Skeleton  |    13 |     9 |     3 |       ||    25
       Vampiric Draining |       |    10 |    57 |   127 ||   194
       Animate Dead      |       |     2 |    36 |    34 ||    72
       Control Undead    |       |       |     1 |     1 ||     2
Invok: Receive Corpses   |       |       |       |     2 ||     2
Evoke: Wand              |       |       |       |     1 ||     1
  Use: Scroll            |     5 |     4 |    11 |    10 ||    30
       Potion            |     1 |     2 |     2 |    13 ||    18
 Stab: Sleeping          |     1 |     1 |     4 |     4 ||    10
       Paralysed         |       |       |     3 |       ||     3
       Distracted        |       |       |       |     3 ||     3
  Eat: Chunk             |     3 |     4 |     6 |       ||    13
       Meat ration       |       |     1 |     2 |     1 ||     4
       Beef jerky        |       |       |     2 |     7 ||     9
       Royal jelly       |       |       |     1 |       ||     1
       Bread ration      |       |       |     2 |     1 ||     3
       Pizza             |       |       |       |     1 ||     1
